 Dungeon Crawl Stone Soup version 0.29.1-12-g30fa7ad0bf (webtiles) character file.

Game seed: 17610468370967051986

312 cheesebisquit the Cudgeller (level 6, -5/56 HPs)
             Began as a Minotaur Berserker on Dec 16, 2022.
             Was a Priest of Trog.
             Slain by a killer bee (7 damage)
             ... on level 5 of the Dungeon on Dec 17, 2022.
             The game lasted 00:15:22 (3455 turns).

cheesebisquit the Cudgeller (Minotaur Berserker)    Turns: 3455, Time: 00:15:23

Health: -5/56      AC: 14    Str: 21    XL:     6   Next: 18%
Magic:  5/5        EV:  7    Int:  4    God:    Trog [***...]
Gold:   229        SH:  0    Dex: 12    Spells: 5/5 levels left

rFire   . . .      SeeInvis .   a - +0 mace
rCold   . . .      Faith    .   (no shield)
rNeg    . . .      Spirit   .   p - +0 plate armour
rPois   .          Reflect  .   n - +0 hat
rElec   .          Harm     .   i - +0 cloak
rCorr   .          Rampage  .   t - +0 pair of gloves
Will    .....                   (no boots)
Stlth   ..........              (no amulet)
HPRegen 0.18/turn               (no ring)
MPRegen 0.09/turn               (no ring)

@: lethally poisoned (-5 -> -31)
A: horns 2, retaliatory headbutt
a: Renounce Religion, Berserk, Trog's Hand


You were on level 5 of the Dungeon.
You worshipped Trog.
Trog was most pleased with you.
You visited 1 branch of the dungeon, and saw 5 of its levels.

You collected 229 gold pieces.

Inventory:

Hand Weapons
 a - a +0 mace (weapon)
 h - a +0 sling
Missiles
 d - 66 stones (quivered)
 r - 2 curare-tipped darts
Armour
 i - a +0 cloak (worn)
 n - a +0 hat (worn)
 p - a +0 plate armour (worn)
 t - a +0 pair of gloves (worn)
Wands
 v - a wand of light (12)
Scrolls
 e - 4 scrolls of teleportation
Potions
 c - 3 potions of attraction
 f - a potion of haste
 j - a potion of berserk rage {unknown}
 k - a potion of brilliance {unknown}
 m - 3 potions of magic
 o - 2 potions of flight
 q - 3 potions of heal wounds {unknown}
 s - 2 potions of ambrosia {unknown}


   Skills:
 + Level 5.2 Fighting
 + Level 5.2 Maces & Flails
 + Level 4.4 Armour
 + Level 4.0 Dodging


You had 5 spell levels left.
You didn't know any spells.
Your spell library was empty.

Dungeon Overview and Level Annotations

Branches:
Dungeon (5/15)             Temple (0/1) D:4

Altars:
Dithmenos
Sif Muna


Innate Abilities, Weirdness & Mutations

You have a pair of horns on your head.
You reflexively headbutt those who attack you in melee.


Message History

You feel very sick. The killer bee stings you.
The killer bee closely misses you. The killer bee stings you.
You are more poisoned.
The killer bee poisons you! The adder barely misses you.
The adder bites you but does no damage.
The killer bee stings you but does no damage.
The killer bee stings you.
You are lethally poisoned!
The killer bee poisons you! The killer bee closely misses you.
You barely miss the killer bee.
The killer bee is heavily wounded.
You feel extremely sick. The killer bee closely misses you.
The killer bee barely misses you. The killer bee closely misses you.
The adder closely misses you. The adder bites you.
You are more poisoned.
The adder poisons you! The orc wizard barely misses you.
The killer bee stings you but does no damage. x2
The killer bee barely misses you.
The adder bites you but does no damage. x2
The killer bee attacks as you move away!
The killer bee barely misses you.
The orc wizard attacks as you move away!
The orc wizard hits you but does no damage.
* * * LOW HITPOINT WARNING * * *
You feel extremely sick.
The killer bee stings you but does no damage. x2
The killer bee stings you.
* * * LOW HITPOINT WARNING * * *
You are more poisoned.
The killer bee poisons you!
The killer bee stings you but does no damage. x2
The adder barely misses you.
You miss the killer bee.
You feel less confused.
* * * LOW HITPOINT WARNING * * *
You feel extremely sick.
The killer bee stings you but does no damage.
The killer bee stings you!
You die...

##### .. #....
.# #....###.#
#........#
..?......#
#...S..#
#...S..#.#..
#..@yo.o.'..
#.#yy..###..
......#.....
##..#..#.Y<#.#
#~.....###...
#~...... ....
#≈~~.##.# ###.
#≈~~. #.#


You could see an ice beast, 3 killer bees, an orc wizard, 2 adders and an orc.

Vanquished Creatures
  A black bear (D:4)
  2 hounds (D:4)
  An orc priest (D:3)
  5 adders
  2 worms
  A dart slug (D:1)
  5 orcs
  8 bats
  6 endoplasms
  A giant cockroach (D:3)
  7 goblins
  5 hobgoblins
  7 jackals
  3 quokkas
  8 ball pythons
  4 frilled lizards
  11 kobolds
  3 rats
80 creatures vanquished.

Notes
Turn   | Place    | Note
-------+----------+-------------------------------------------
     0 | D:1      | cheesebisquit the Minotaur Berserker began the quest for
                  | the Orb.
     0 | D:1      | Reached XP level 1. HP: 19/19 MP: 0/0
   466 | D:1      | Reached XP level 2. HP: 27/27 MP: 1/1
  1196 | D:2      | Reached XP level 3. HP: 33/33 MP: 2/2
  1205 | D:2      | Reached ** piety under Trog
  1251 | D:2      | Found a shimmering blue altar of Sif Muna.
  1759 | D:3      | Reached XP level 4. HP: 38/41 MP: 3/3
  2093 | D:3      | Found a shadowy altar of Dithmenos.
  2710 | D:4      | Reached XP level 5. HP: 47/47 MP: 4/4
  2732 | D:4      | Noticed a black bear
  2739 | D:4      | Killed a black bear
  2740 | D:4      | Reached skill level 5 in Fighting
  2740 | D:4      | Reached skill level 5 in Maces & Flails
  2933 | D:4      | Reached XP level 6. HP: 54/56 MP: 5/5
  2950 | D:4      | Found a staircase to the Ecumenical Temple.
  3077 | D:4      | Reached *** piety under Trog
  3446 | D:5      | Entered Level 5 of the Dungeon
  3450 | D:5      | Noticed an ice beast
  3455 | D:5      | HP: 2/56 [poisoned by a killer bee]
  3455 | D:5      | Slain by a killer bee

Illustrated notes

Levels and vault maps discovered:
D:1:      denvon_arrival_planthouse, layout_loops_cross, nrook_campfire,
          minmay_split_cup_large
D:2:      layout_rooms, basic_altar
D:3:      layout_loops_ring, mainiacjoe_overflow_catwalk, grunt_decor_cap
D:4:      layout_loops_ring, minmay_temple_entry_waves
D:5:      cheibrodos_thug_alley, layout_basic, elyvilon_altar_3,
          nicolae_vehumet_radiance, serial_shops, nicolae_shop_window_shopping,
          hangedman_abyss_or_decor_passed, uniq_blork_the_orc, uniq_menkaure

Skill      XL: |  1  2  3  4  5  6 |
---------------+-------------------+-----
Fighting       | 4 5 |  5.2
Maces & Flails | 4 5 |  5.2
Armour         | 3 4 |  4.4
Dodging        | 3 4 |  4.0

Action                   |  1- 3 |  4- 6 || total
-------------------------+-------+-------++-------
Melee: Mace              |    90 |    93 ||   183
       Headbutt          |     6 |    12 ||    18
Invok: Berserk           |     1 |     1 ||     2
       Trog's Hand       |     1 |       ||     1
  Use: Scroll            |       |     9 ||     9
Armor: Animal skin       |    13 |       ||    13
       Ring mail         |    23 |     1 ||    24
       Chain mail        |       |    54 ||    54
       Plate armour      |       |    34 ||    34
Dodge: Dodged            |    93 |    68 ||   161
